 Dungeon Crawl Stone Soup version 0.19-a0-19-gf75ed07 (webtiles) character file.

16481 M4edhros the Nimble (level 12, -3/98 HPs)
             Began as a Vampire Monk on Apr 30, 2016.
             Was a Priest of Cheibriados.
             Slain by a death yak (16 damage)
             ... on level 2 of the Lair of Beasts.
             The game lasted 00:26:57 (3871 turns).

M4edhros the Nimble (Vampire Monk)                  Turns: 3871, Time: 00:26:58

Health: -3/98      AC: 13    Str: 27    XL:     12   Next: 10%
Magic:  1/16       EV: 19    Int: 21    God:    Cheibriados [***...]
Gold:   478        SH:  0    Dex: 25    Spells: 0 memorised, 11 levels left

rFire  + . .     SeeInvis +       - Unarmed
rCold  + . .     Gourm    .     s - +2 chain mail {rF+}
rNeg   . . .     Faith    .     (no shield)
rPois  .         Spirit   .     e - +0 helmet
rElec  .         Dismiss  .     v - +1 cloak
rCorr  .         Reflect  .     (no gloves)
SustAt .         Harm     .     (no boots)
MR     +....                    (no amulet)
Stlth  ..........               t - ring of flight
                                g - ring of protection from cold

@: mighty, regenerating quickly, very slow, somewhat resistant to hostile
enchantments, extremely unstealthy
A: fangs 3, see invisible, unbreathing
a: Bend Time, Temporal Distortion, Renounce Religion, Evoke Flight


You were on level 2 of the Lair of Beasts.
You worshipped Cheibriados.
Cheibriados was most pleased with you.
You were very full.

You visited 2 branches of the dungeon, and saw 15 of its levels.
You also visited: Sewer.

You collected 478 gold pieces.

Inventory:

Hand Weapons
 j - a +0 blowgun
Missiles
 f - 6 curare-tipped needles
 o - 2 throwing nets (quivered)
Armour
 e - a +0 helmet (worn)
 n - a +0 robe of magic resistance
 s - a +2 chain mail of fire resistance (worn)
 v - a +1 cloak (worn)
Magical Staves
 l - an uncursed staff of power
Rods
 x - a +0 rod of inaccuracy (0/9)
   (You found it on level 2 of the Lair of Beasts)
Jewellery
 g - a ring of protection from cold (left hand)
 t - a ring of flight (right hand)
Wands
 c - a wand of enslavement (7/24)
 d - a wand of polymorph (7/24)
 q - a wand of teleportation (0/9)
 u - a wand of acid (0/15)
Scrolls
 h - a scroll of magic mapping
 r - 2 scrolls of amnesia
Potions
 a - 19 potions of blood
 k - a potion of flight {unknown}
 p - a potion of cure mutation {unknown}


   Skills:
 - Level 10.3 Fighting
 - Level 12.0 Dodging
 - Level 3.0 Stealth
 - Level 11.0 Unarmed Combat
 - Level 5.4 Invocations
 + Level 6.0 Evocations


You had 11 spell levels left.
You didn't know any spells.

Dungeon Overview and Level Annotations

Branches:
Dungeon (13/15)            Temple (0/1) D:4            Lair (2/8) D:8
    Orc (0/2) D:11
 Vaults: D:13-14

Altars:
Cheibriados
Fedhas
Okawaru

Shops:
D:4 :

Portals:
Trove: D:11 (give horn of Geryon)

Annotations:
D:3 Grinder, Natasha
D:5 Mefis's ghost, novice DEWz


Innate Abilities, Weirdness & Mutations

Your natural rate of healing is unusually fast.
You have razor-sharp teeth.
You have supernaturally acute eyesight.
You can survive without breathing.


Message History

Read which item? (? for menu, Esc to quit)
Okay, then.
Drink which item? (? for menu, Esc to quit)
Okay, then.
Aiming: Bolt of Inaccuracy
Press: ? - help, Shift-Dir - straight line, f - death yak
Aim: a death yak (severely wounded)
The narrow beam of energy misses the death yak.
The death yak gores you!
* * * LOW HITPOINT WARNING * * *
The death yak closely misses you. The death yak completely misses you.
You are now empty-handed.
The death yak completely misses you.
Drink which item? (? for menu, Esc to quit)
Okay, then.
Drink which item? (? for menu, Esc to quit)
You feel very mighty all of a sudden. The death yak gores you.
* * * LOW HITPOINT WARNING * * *
The death yak barely misses you. The death yak gores you!
You die...

...........#
...........###
.............##
.............P##
#...†....P#....##
#..............##
#...YY.........##
#..Y@..........#
##............##
##............#
##...........##
#............#
###..........##
##.<........#
##÷÷.......##
##.........#


You could see 3 death yaks.

Vanquished Creatures
  2 hydras
  Erolcha (D:8)
  2 death yaks (Lair:2)
  A skeletal warrior (D:13)
  2 unseen horrors
  2 hill giants
  A deep elf mage (D:13)
  Maurice (D:13)
  A centaur zombie (D:13)
  A black mamba (Lair:1)
  A soldier ant (D:10)
  2 polar bears (D:11)
  5 blink frogs (Lair:1)
  2 centaur simulacra (D:11)
  A wraith (D:10)
  A wyvern (D:10)
  15 yaks
  A steam dragon (D:11)
  2 hippogriffs (D:8)
  3 water moccasins
  A porcupine (Lair:1)
  3 phantoms
  4 ice beasts
  A swamp drake (D:11)
  2 ogres
  A wasp (D:12)
  A necrophage (D:13)
  4 wolves
  5 centaurs
  6 big kobolds
  2 giant frogs
  4 scorpions
  11 killer bees
  8 wights
  3 electric eels
  3 howler monkeys
  3 crimson imps
  2 hounds
  An orc priest (D:10)
  A jelly (D:10)
  An orc wizard (D:10)
  A giant frog skeleton (D:5)
  3 worker ants
  2 sheep (D:9)
  A wasp simulacrum (D:11)
  A giant frog simulacrum (D:11)
  A worker ant zombie (D:11)
  4 gnolls (D:5)
  9 adders
  6 river rats
  2 hound simulacra (D:11)
  A shadow imp (D:5)
  3 white imps (D:11)
  A worker ant simulacrum (D:11)
  An ufetubus (D:11)
  3 oozes (Sewer)
  2 worms
  6 giant geckos
  6 orcs
  2 ball pythons
  3 giant cockroaches
  A goblin (D:2)
  3 hobgoblins
  3 jackals (D:5)
  A quokka (D:9)
  A bat (D:3)
  17 kobolds
  5 rats
203 creatures vanquished.

Vanquished Creatures (collateral kills)
  An orc warrior (D:10)
  A centaur (D:10)
  A howler monkey (D:10)
  An adder (D:10)
  An orc (D:10)
5 creatures vanquished.

Vanquished Creatures (others)
  A hill giant (D:10)
  A fungus (Lair:1)
  2 plants (Lair:1)
4 creatures vanquished.

Grand Total: 212 creatures vanquished

Notes
Turn   | Place    | Note
--------------------------------------------------------------
     0 | D:1      | M4edhros the Vampire Monk began the quest for the Orb.
     0 | D:1      | Reached XP level 1. HP: 17/17 MP: 1/1
   236 | D:3      | Reached skill level 5 in Unarmed Combat
   236 | D:3      | Reached XP level 2. HP: 6/23 MP: 2/2
   251 | D:3      | Noticed Grinder
   254 | D:3      | Noticed Natasha
   257 | D:3      | Paralysed by Grinder for 7 turns
   286 | D:4      | Found a snail-covered altar of Cheibriados.
   298 | D:4      | Became a worshipper of Cheibriados the Contemplative
   298 | D:4      | Reached * piety under Cheibriados
   298 | D:4      | Reached ** piety under Cheibriados
   306 | D:4      | got early chei, 305 turns
   306 | D:4      | Noticed an ogre
   328 | D:4      | Found Uklilan's Book Emporium.
   361 | D:4      | Found a staircase to the Ecumenical Temple.
   370 | D:5      | Entered Level 5 of the Dungeon
   389 | D:5      | Noticed a scorpion
   433 | D:5      | Reached XP level 3. HP: 16/28 MP: 3/3
   512 | D:5      | Killed a scorpion
   512 | D:5      | Reached XP level 4. HP: 18/34 MP: 4/4
   517 | D:5      | Noticed an ogre
   614 | D:5      | Noticed a centaur
   628 | D:5      | Killed a centaur
   628 | D:5      | Reached XP level 5. HP: 17/39 MP: 5/5
   700 | D:5      | Killed an ogre
   700 | D:5      | Reached XP level 6. HP: 29/46 MP: 6/6
   779 | D:5      | Noticed Mefis's ghost (novice DEWz)
   884 | D:6      | Found a glowing drain.
   904 | Sewer    | Entered a sewer
   961 | Sewer    | Reached XP level 7. HP: 51/51 MP: 7/7
   974 | Sewer    | Reached *** piety under Cheibriados
  1270 | D:6      | Found an iron altar of Okawaru.
  1312 | D:6      | Reached skill level 10 in Unarmed Combat
  1328 | D:6      | Found a blossoming altar of Fedhas.
  1368 | D:6      | Reached XP level 8. HP: 32/57 MP: 8/8
  1462 | D:8      | Noticed Erolcha
  1481 | D:8      | Killed Erolcha
  1481 | D:8      | Reached **** piety under Cheibriados
  1481 | D:8      | Reached skill level 5 in Dodging
  1529 | D:8      | Reached skill level 6 in Dodging
  1579 | D:8      | Found a staircase to the Lair.
  1603 | D:8      | Reached skill level 5 in Fighting
  1622 | D:8      | Reached XP level 9. HP: 39/68 MP: 9/9
  1662 | D:8      | Reached skill level 7 in Dodging
  1904 | D:9      | Reached skill level 8 in Dodging
  1918 | D:9      | Noticed a two-headed hydra
  1929 | D:9      | Killed a two-headed hydra
  1929 | D:9      | Reached ***** piety under Cheibriados
  1929 | D:9      | Reached skill level 9 in Dodging
  2012 | D:10     | Entered Level 10 of the Dungeon
  2012 | D:10     | Noticed an unseen horror
  2042 | D:10     | Killed an unseen horror
  2042 | D:10     | Reached XP level 10. HP: 25/80 MP: 10/10
  2055 | D:10     | Noticed a hill giant
  2104 | D:10     | Noticed a hill giant
  2114 | D:10     | Killed a hill giant
  2114 | D:10     | Reached skill level 10 in Dodging
  2445 | D:11     | Found a staircase to the Orcish Mines.
  2459 | D:11     | Reached skill level 11 in Dodging
  2494 | D:11     | Found a portal to a secret trove of treasure.
  2518 | D:12     | Noticed an unseen horror
  2535 | D:12     | Killed an unseen horror
  2574 | D:12     | Reached XP level 11. HP: 77/90 MP: 11/11
  2625 | D:13     | Noticed Maurice
  2636 | D:13     | Killed Maurice
  2650 | D:13     | Noticed a deep elf mage
  2659 | D:13     | Killed a deep elf mage
  2659 | D:13     | Reached skill level 10 in Fighting
  2694 | D:13     | Noticed a hill giant
  2703 | D:13     | Killed a hill giant
  2765 | D:13     | Noticed a skeletal warrior
  2793 | D:13     | Killed a skeletal warrior
  2793 | D:13     | Reached skill level 12 in Dodging
  2847 | D:13     | Reached skill level 1 in Invocations
  3485 | D:8      | Reached ****** piety under Cheibriados
  3495 | Lair:1   | Entered Level 1 of the Lair of Beasts
  3519 | Lair:2   | Reached skill level 5 in Invocations
  3543 | Lair:2   | Identified a +0 rod of inaccuracy (9/9) (You found it on level 2 of the Lair of Beasts)
  3595 | Lair:1   | Reached skill level 1 in Evocations
  3632 | Lair:1   | Noticed an eight-headed hydra
  3746 | Lair:1   | Killed an eight-headed hydra
  3847 | Lair:1   | Reached skill level 5 in Evocations
  3861 | Lair:2   | Noticed a death yak
  3862 | Lair:2   | Noticed a death yak
  3862 | Lair:2   | Noticed a death yak
  3862 | Lair:2   | Noticed a death yak
  3863 | Lair:2   | Noticed a death yak
  3867 | Lair:2   | Killed a death yak
  3867 | Lair:2   | Reached XP level 12. HP: 77/98 MP: 0/16
  3868 | Lair:2   | Killed a death yak
  3871 | Lair:2   | Slain by a death yak

Vault maps used:
D:1:      lightli_arrival_lavapool
D:2:      first_bread, lightli_corner_chamber, uniq_sigmund
D:3:      roderic_malta_cross, xom_teletrap_fun, uniq_iyjb, uniq_grinder,
          uniq_natasha
D:4:      cheibriados_altar_1, minmay_temple_entry_hall, serial_shops,
          nicolae_shop_waterfront
D:6:      okawaru_trees_2, gup_sewer_entry_pipe, hangedman_decor_slide_cut,
          fedhas_altar_1
D:8:      lair_0_dummy, uniq_erolcha
D:9:      serial_aquarium, aquarium_bridge_square, aquarium_bridge_long_joined,
          aquarium_window_fake, aquarium_window_corner, aquarium_view_2c,
          aquarium_balcony_double_2, hangedman_ranch
D:11:     orc_0_dummy, serial_ice, serial_ice_f, serial_ice_k, serial_ice_n,
          serial_ice_c, serial_ice_m, serial_ice_b, serial_ice_h, serial_ice_d,
          serial_ice_g, serial_ice_e, nicolae_trove_entry_columns
D:12:     minivault_16, minivault_13, uniq_rupert
D:13:     david_vaults_4, grunt_ministairs_5, uniq_maurice, uniq_sonja
Lair:1:   serial_bayou_shore_a
Sewer:    sewer_co_15_rooms

Skill      XL: |  1  2  3  4  5  6  7  8  9 10 11 12 |
---------------+-------------------------------------+-----
Unarmed Combat | 5 6 7 8 9 11 | 11.0
Fighting       | 5 7 9 10 | 10.3
Dodging        | 6 9 11 12 | 12.0
Invocations    | 5 |  5.4
Evocations     | 5 6 |  6.0
Stealth        | |  3.0

Action                   |  1- 3 |  4- 6 |  7- 9 | 10-12 || total
-------------------------+-------+-------+-------+-------++-------
Melee: Unarmed           |    51 |   125 |   214 |   337 ||   727
       Bite              |     8 |    16 |    50 |    82 ||   156
       Punch             |     2 |     5 |    15 |    37 ||    59
Invok: Bend Time         |       |     2 |       |     3 ||     5
       Slouch            |       |       |       |    10 ||    10
Evoke: Wand              |       |       |       |    13 ||    13
       Rod               |       |       |       |     6 ||     6
  Use: Potion            |     8 |     3 |    10 |    18 ||    39
       Scroll            |       |     8 |     4 |     7 ||    19
 Stab: Sleeping          |     6 |       |       |       ||     6
       Invisible         |       |       |       |    11 ||    11
Armor: Robe              |     1 |       |       |       ||     1
       Chain mail        |     4 |    50 |    89 |    90 ||   233
       Skin              |       |       |       |    28 ||    28
Dodge: Dodged            |    16 |    53 |   185 |   332 ||   586
